Description

asdsa

Replay - MyTvT

Build Order

Get SALT Encoding   

  12  0:05  SCV  
  13  0:18  Supply Depot, SCV  
  14  0:30  SCV  
  14  0:31  Refinery  
  15  0:42  SCV  
  16  0:46  Barracks  
  16  0:54  SCV  
  17  1:06  SCV  
  18  1:18  SCV  
  19  1:33  Orbital Command, Reaper  
  20  1:46  Command Center  
  20  1:58  Factory  
  20  2:01  SCV  
  21  2:09  Refinery, Barracks Reactor  
  21  2:13  SCV  
  22  2:18  Supply Depot  
  22  2:29  SCV  
  23  2:45  Factory Tech Lab  
  23  2:47  Marine x2  
  23  2:48  Starport  
  26  3:02  Orbital Command  
  26  3:08  Marine x2  
  26  3:11  Siege Tank  
  33  3:32  Viking x2  
  36  3:37  Refinery  
  40  3:50  Supply Depot  
  43  4:03  Siege Tank  
  46  4:12  Supply Depot  
  46  4:15  Viking x2  
  53  4:29  Supply Depot  
  54  4:36  Siege Tank  
  59  4:46  Viking  
  62  4:53  Viking  
  68  5:14  Command Center  
  72  5:21  Siege Tank  
  72  5:24  Viking  
  74  5:34  Refinery  
  77  5:52  Armory x2  
  77  5:57  Siege Tank  
  84  6:24  Viking x2  
  90  6:27  Orbital Command  
  90  6:29  Factory  
  92  6:40  Terran Vehicle Weapons Level 1  
  92  6:43  Terran Vehicle And Ship Armor Level 1  
  94  6:54  Viking  
  94  6:56  Orbital Command  
  100  7:07  Siege Tank  
  104  7:20  Refinery x2  
  104  7:21  Factory Tech Lab  
  104  7:23  Factory  
  104  7:27  Command Center  
  109  7:54  Siege Tank x2  
  118  8:08  Factory Tech Lab  
  118  8:09  Factory Reactor  
  118  8:10  Factory  
Spawning Tool Build Advisor. Get it on Overwolf

Go to:

Details

  • Created by: brendanp1
  • Published on: Jul 07, 2020
  • Modified on: Jul 07, 2020
  • Patch: 4.11.0
  • Difficulty: Easy
Show
View Real Time Build Order
Export as new Build Order

Comments (1)

On July 12, 2020, 5:27 a.m., phoenix4574  said:

Interesting build order !!! Thanks !!!

Create an account to comment!